 Dungeon Sprint DCSS version 0.29-a0-304-gb34f9e133a (webtiles) character file.

Game seed: 499456029807187198

331 Conn the Arsonist (level 6, 0/38 HPs)
             Began as an Octopode Fire Elementalist on Mar 26, 2022.
             Was an Elder of Sif Muna.
             Slain by a merfolk
             ... wielding a +0 trident
              (16 damage)
             ... in the Dungeon (Sprint VII: "The Pits").
             The game lasted 00:03:10 (695 turns).

Conn the Arsonist (Octopode Fire Elementalist)       Turns: 695, Time: 00:03:11

Health: 0/38       AC:  1    Str:  7    XL:     6   Next: 51%
Magic:  14/14      EV: 14    Int: 19    God:    Sif Muna [****..]
Gold:   0          SH:  0    Dex: 13    Spells: 3/16 levels left

rFire   . . .      SeeInvis .   g - +2 dagger (drain)
rCold   . . .      Faith    .   (no shield)
rNeg    . . .      Spirit   .   (helmet restricted)
rPois   .          Reflect  .   (no amulet)
rElec   .          Harm     .   (no ring)
rCorr   .          Rampage  .   (no ring)
Will    .....      NoTele   +   (no ring)
Stlth   +++++.....              (no ring)
HPRegen 0.12/turn               (no ring)
MPRegen 0.14/turn               (no ring)
                                (no ring)
                                (no ring)

@: no status effects
A: almost no armour, amphibious, 8 rings, camouflage 1, gelatinous body 1,
(nimble swimmer 1), tentacles
a: Renounce Religion, Channel Magic, Forget Spell, Divine Exegesis


You were in the Dungeon.
You worshipped Sif Muna.
Sif Muna was greatly pleased with you.
You visited 1 branch

Inventory:

Hand Weapons
 g - a +2 dagger of draining (weapon)
Scrolls
 f - a scroll of blinking
 i - 5 scrolls of amnesia
 j - a scroll of summoning
Potions
 a - 5 potions of magic
 b - 6 potions of curing
 c - 5 potions of heal wounds
 d - a potion of haste
 e - a potion of berserk rage
 h - a potion of invisibility


   Skills:
 + Level 1.0 Fighting
 + Level 3.1 Short Blades
 + Level 5.0 Dodging
 + Level 7.7 Stealth
 + Level 5.9 Spellcasting
 + Level 2.8 Conjurations
 + Level 9.0 Fire Magic


You had 3 spell levels left.
You knew the following spells:

 Your Spells              Type           Power      Damage    Failure   Level
a - Foxfire               Conj/Fire      100%       2x1d9     1%          1
b - Conjure Flame         Conj/Fire      28%        6-21      3%          3
c - Inner Flame           Hex/Fire       22%        N/A       5%          3
d - Flame Wave            Conj/Fire      28%        2d8       10%         4
e - Scorch                Fire           80%        2d9       1%          2

Your spell library contained the following spells:

 Spells                   Type           Power      Damage    Failure   Level


Dungeon Overview and Level Annotations

Branches:
Dungeon (1/1)

Altars:
Ashenzari
Cheibriados
Dithmenos
Elyvilon
Fedhas
Gozag
Hepliaklqana
Kikubaaqudgha
Makhleb
Nemelex Xobeh
Okawaru
Qazlal
Ru
Sif Muna
Trog
Uskayaw
Vehumet
Wu Jian
Xom
Yredelemnul
Zin
The Shining One
Beogh
Jiyva
Lugonu


Innate Abilities, Weirdness & Mutations

You cannot wear most types of armour.
You are amphibious.
You can wear up to eight rings at the same time.
Your skin changes colour to match your surroundings (Stealth+).
Your rubbery body absorbs attacks. (AC +1, EV +1)
((You are camouflaged when in or above water. (Stealth+)))
You have tentacles for arms and can constrict up to eight enemies at once.


Message History

a +0 dagger; a +0 robe Your foxfire dissipates! x2
You start resting.
Magic restored.
You start resting.
HP restored.
Things that are here:
a +0 dagger; a +0 robe
Items here: ( ))) [[ รท.
There is an open door here.
There is an open door here.
This spell is quite dangerous to cast!
Memorise Flame Wave, consuming 4 spell levels and leaving 5?
You start memorising the spell.
You continue memorising. x4
You finish memorising.
Spell assigned to 'd'.
Memorise Scorch, consuming 2 spell levels and leaving 3?
You start memorising the spell.
You continue memorising. x2
You finish memorising.
Spell assigned to 'e'.
Casting: Foxfire (safe; 1% risk of failure)
Confirm with . or Enter, or press ? or * to list all spells.
Okay, then.
Unknown command.
You open the door.
An ufetubus comes into view.
There is an open door here.
The helpless ufetubus fails to defend itself.
You spit the ufetubus like a pig!!!
You kill the ufetubus!
Sif Muna accepts your kill.
Your Fighting skill increases to level 1!
Your Dodging skill increases to level 5!
You open the door.
A merfolk comes into view. It is wielding a +0 trident.
The merfolk barely misses you.
There is an open door here.
The merfolk attacks as you move away!
The merfolk hits you with a +0 trident!!
Ouch! That really hurt!
The merfolk hits you from afar with a +0 trident!
You die...

#.#...)))[.##.......#
#'###########.......#
#.......# #########
#...#...# #...#...#
#.##.##.#+#
#...#...#m+
#...#...#'#
#.......@.#
###########


You could see a merfolk.

Vanquished Creatures
  A flying skull (D)
  A sky beast (D)
  A jelly (D)
  An orc priest (D)
  An orc wizard (D)
  A white imp (D)
  2 ufetubi (D)
  4 orcs (D)
  A goblin (D)
  A hobgoblin (D)
  A ball python (D)
  A bat (D)
  2 frilled lizards (D)
  A kobold (D)
19 creatures vanquished.

Vanquished Creatures (collateral kills)
  A foxfire (D)
1 creature vanquished.

Vanquished Creatures (others)
  17 foxfires (D)
17 creatures vanquished.

Grand Total: 37 creatures vanquished

Notes
Turn   | Place    | Note
-------+----------+-------------------------------------------
     0 | D        | Conn the Octopode Fire Elementalist began the quest for the
                  | Orb.
     0 | D        | Reached XP level 1. HP: 11/11 MP: 3/3
    46 | D        | Found a glowing golden altar of the Shining One.
    46 | D        | Found a glowing silver altar of Zin.
    46 | D        | Found a basalt altar of Yredelemnul.
    46 | D        | Found a shimmering altar of Xom.
    46 | D        | Found an ornate altar of the Wu Jian Council.
    46 | D        | Found a bloodstained altar of Trog.
    46 | D        | Found a shimmering blue altar of Sif Muna.
    46 | D        | Found a sacrificial altar of Ru.
    46 | D        | Found a stormy altar of Qazlal.
    46 | D        | Found an iron altar of Okawaru.
    46 | D        | Found a sparkling altar of Nemelex Xobeh.
    46 | D        | Found a burning altar of Makhleb.
    46 | D        | Found a viscous altar of Jiyva.
    46 | D        | Found a hazy altar of Hepliaklqana.
    46 | D        | Found an opulent altar of Gozag.
    46 | D        | Found a blossoming altar of Fedhas.
    46 | D        | Found a white marble altar of Elyvilon.
    46 | D        | Found a shadowy altar of Dithmenos.
    46 | D        | Found a snail-covered altar of Cheibriados.
    47 | D        | Found a radiant altar of Vehumet.
    47 | D        | Found a corrupted altar of Lugonu.
    48 | D        | Found an ancient bone altar of Kikubaaqudgha.
    48 | D        | Found a hide-covered altar of Uskayaw.
    48 | D        | Found a broken altar of Ashenzari.
    49 | D        | Became a worshipper of Sif Muna the Loreminder
    80 | D        | Reached * piety under Sif Muna
   116 | D        | Noticed a jelly
   124 | D        | Killed a jelly
   125 | D        | Reached skill level 5 in Fire Magic
   125 | D        | Reached XP level 2. HP: 14/17 MP: 0/6
   125 | D        | Reached XP level 3. HP: 17/21 MP: 0/7
   125 | D        | Reached ** piety under Sif Muna
   310 | D        | Learned a level 3 spell: Conjure Flame
   314 | D        | Learned a level 3 spell: Inner Flame
   315 | D        | Noticed a sky beast
   315 | D        | Noticed a flying skull
   337 | D        | Killed a flying skull
   338 | D        | Reached skill level 5 in Spellcasting
   338 | D        | Reached skill level 7 in Fire Magic
   338 | D        | Reached XP level 4. HP: 14/27 MP: 2/11
   338 | D        | Reached XP level 5. HP: 17/32 MP: 2/12
   342 | D        | Killed a sky beast
   342 | D        | Reached *** piety under Sif Muna
   343 | D        | Reached skill level 8 in Fire Magic
   343 | D        | Reached XP level 6. HP: 20/37 MP: 3/14
   354 | D        | Reached **** piety under Sif Muna
   440 | D        | Reached skill level 9 in Fire Magic
   687 | D        | Learned a level 4 spell: Flame Wave
   690 | D        | Learned a level 2 spell: Scorch
   693 | D        | Reached skill level 1 in Fighting
   693 | D        | Reached skill level 5 in Dodging
   693 | D        | Noticed a merfolk
   695 | D        | Slain by a merfolk

Illustrated notes

Levels and vault maps discovered:
D:        pitsprint [storerooms_1, entrance_room_1, metal_vault_8, armoury_2,
          mini_pit_1, grid_room_1, main_hall_1, silver_pit, the_coven_3,
          the_vestibule_1, steel_vault_4, golden_pit, hallway_of_sentries,
          crystal_vault_5, iron_vault_4, final_vault]

Skill      XL: |  1  2  3  4  5  6 |
---------------+-------------------+-----
Stealth        | 3 6 7 |  7.7
Spellcasting   | 3 5 |  5.9
Fire Magic     | 5 7 8 9 |  9.0
Short Blades   | 2 3 |  3.1
Dodging        | 4 5 |  5.0
Conjurations   | 2 |  2.8
Fighting       | 1 |  1.0

Action                   |  1- 3 |  4- 6 || total
-------------------------+-------+-------++-------
Melee: Dagger            |    14 |    18 ||    32
       Tentacles         |     3 |     3 ||     6
       Constrict         |       |     3 ||     3
 Cast: Foxfire           |     9 |     3 ||    12
       Conjure Flame     |     2 |       ||     2
  Use: Potion            |     3 |     1 ||     4
 Stab: Sleeping          |     2 |     1 ||     3
Armor: Skin              |     2 |       ||     2
Dodge: Dodged            |    15 |    13 ||    28

Table legend: (Time is in decaauts)
 A = Elapsed time spent in this place.
 B = Non-inter-level travel time spent in this place.
 C = Inter-level travel time spent in this place.
 D = Time resting spent in this place.
 E = Time spent auto-exploring this place.
 F = Levels seen in this place.
 G = Mean time per level.
                   A        B        C        D        E       F      G
               +--------+--------+--------+--------+--------+-----+--------+
         Total |    715 |    715 |      0 |    452 |      0 |   1 |  715.0 |
       Dungeon |    715 |    715 |      0 |    452 |      0 |   1 |  715.0 |
               +--------+--------+--------+--------+--------+-----+--------+

Top non-repeatable levels by time:
       D: 715 daAuts
